 Dungeon Crawl Stone Soup version 0.29.0-11-gd7f09526c8 (webtiles) character file.

Game seed: 4117755927604389061

578 SensoryNuts the Cudgeller (level 7, 0/67 HPs)
             Began as a Troll Fighter on Sept 2, 2022.
             Slain by Pikel
             ... wielding a +1 whip of freezing
              (2 damage)
             ... on level 4 of the Dungeon.
             The game lasted 00:05:30 (3170 turns).

SensoryNuts the Cudgeller (Troll Fighter)           Turns: 3170, Time: 00:05:31

Health: 0/67       AC:  4    Str: 27    XL:     7   Next: 13%
Magic:  6/6        EV: 10    Int:  4    God:
Gold:   156        SH:  0    Dex:  9    Spells: 6/6 levels left

rFire   . . .      SeeInvis +   a - +0 flail
rCold   . . .      Faith    .   (no shield)
rNeg    . . .      Spirit   .   b - +0 robe
rPois   .          Reflect  .   (helmet restricted)
rElec   .          Harm     .   (no cloak)
rCorr   .          Rampage  .   (gloves unavailable)
Will    .....                   (boots unavailable)
Stlth   +.........              (no amulet)
HPRegen 1.01/turn               k - ring of see invisible
MPRegen 0.10/turn               (no ring)

@: brilliant
A: large, unfitting armour, claws 3, regeneration 1, shaggy fur 1, tough skin 1
a: no special abilities


You were on level 4 of the Dungeon.
You visited 1 branch of the dungeon, and saw 4 of its levels.

You collected 156 gold pieces.

Inventory:

Hand Weapons
 a - a +0 flail (weapon)
Armour
 b - a +0 robe (worn)
Jewellery
 k - a ring of see invisible (left claw)
Scrolls
 f - a scroll of torment
 g - a scroll of teleportation
 h - a scroll of identify
 j - 2 scrolls of immolation
Potions
 c - 2 potions of resistance
 d - a potion of lignification


   Skills:
 + Level 3.3 Fighting
 * Level 5.6 Maces & Flails
 + Level 3.8 Dodging
 + Level 0.2 Stealth
 - Level 2.9 Shields


You had 6 spell levels left.
You didn't know any spells.
Your spell library contained the following spells:

 Spells                   Type           Power      Damage    Failure   Level
 Slow                     Hex            0%         N/A       50%         1
 Confusing Touch          Hex            0%         N/A       86%         3
 Portal Projectile        Hex/Tloc       0%         N/A       86%         3
 Tukima's Dance           Hex            0%         N/A       86%         3
 Vampiric Draining        Necr           0%         2d6       86%         3
 Blade Hands              Tmut           0%         N/A       100%        5
 Summon Forest            Summ/Tloc      0%         N/A       100%        5
 Eringya's Noxious Bog    Tmut/Pois      0%         N/A       100%        6
 Summon Hydra             Summ           0%         N/A       100%        7


Dungeon Overview and Level Annotations

Branches:
Dungeon (4/15)             Temple (0/1) D:4

Altars:
Cheibriados
Yredelemnul

Annotations:
D:4 Pikel


Innate Abilities, Weirdness & Mutations

You are too large for most types of armour.
You have claws for hands.
Your natural rate of healing is unusually fast.
You are covered in fur. (AC +1)
You have tough skin. (AC +1)


Message History

You hit Pikel.
Pikel is lightly wounded.
Pikel hits you with a +1 whip of freezing.
Pikel freezes you.
An adder comes into view.
The adder hisses angrily.
You hit Pikel.
Pikel is moderately wounded.
Pikel hits you with a +1 whip of freezing.
Pikel freezes you. The lemure closely misses you.
Pikel hits you with a +1 whip of freezing!
Pikel freezes you.
You hit Pikel.
Pikel is moderately wounded.
Pikel hits you with a +1 whip of freezing!
Pikel freezes you. The lemure hits you.
Unknown command.
You hit Pikel.
Pikel is moderately wounded.
Pikel barely misses you. The lemure barely misses you.
You closely miss Pikel.
Pikel is moderately wounded.
Pikel hits you with a +1 whip of freezing.
Pikel freezes you. The lemure closely misses you.
Unknown command.
Unknown command.
It was a potion of brilliance.
You feel clever all of a sudden.
Pikel hits you with a +1 whip of freezing!
* * * LOW HITPOINT WARNING * * *
Pikel freezes you.
* * * LOW HITPOINT WARNING * * *
The lemure hits you.
* * * LOW HITPOINT WARNING * * *
You closely miss Pikel.
Pikel is moderately wounded.
Pikel hits you with a +1 whip of freezing!
* * * LOW HITPOINT WARNING * * *
Pikel freezes you.
You die...

##......................
#......†......######....
##.............# #....
#..............# ##.P.P
##..........#..# #..P..
###..........## #..P..
###.....#..# #..P.P
###...#..# #.....
#@.##..# ##..... #5K##
#...P.P #..S# #......
#..## ##....#. ...
#....... ...# ##.....##
.... #.K<...# ....#
#......# #.......#


You could see Pikel, a lemure and an adder.

Vanquished Creatures
  Grinder (D:4)
  3 lemures (D:2)
  2 scorpions (D:4)
  A howler monkey (D:4)
  An orc priest (D:3)
  An orc wizard (D:3)
  10 adders
  5 worms
  2 dart slugs
  3 orcs
  4 bats
  3 endoplasms
  7 giant cockroaches
  2 goblins
  14 hobgoblins
  3 jackals (D:3)
  2 quokkas (D:1)
  5 ball pythons
  10 kobolds
  4 rats
83 creatures vanquished.

Vanquished Creatures (others)
  14 fungi (D:4)
14 creatures vanquished.

Grand Total: 97 creatures vanquished

Notes
Turn   | Place    | Note
-------+----------+-------------------------------------------
     0 | D:1      | SensoryNuts the Troll Fighter began the quest for the Orb.
     0 | D:1      | Reached XP level 1. HP: 22/22 MP: 0/0
   147 | D:1      | Reached XP level 2. HP: 29/29 MP: 1/1
   151 | D:1      | Reached skill level 2 in Maces & Flails
   940 | D:2      | Reached XP level 3. HP: 36/36 MP: 2/2
  1051 | D:2      | Reached skill level 3 in Maces & Flails
  1312 | D:2      | Reached XP level 4. HP: 14/44 MP: 3/3
  1892 | D:3      | HP: 2/44 [something (1)]
  1898 | D:3      | HP: 2/44 [orc/+3 short sword of speed (3)]
  1916 | D:3      | Reached XP level 5. HP: 22/53 MP: 4/4
  1932 | D:3      | Reached skill level 4 in Maces & Flails
  2310 | D:3      | Found a snail-covered altar of Cheibriados.
  2365 | D:4      | Noticed Pikel
  2365 | D:4      | Noticed a lemure
  2365 | D:4      | Noticed a lemure
  2365 | D:4      | Noticed a lemure
  2365 | D:4      | Noticed a lemure
  2479 | D:2      | Killed a lemure
  2490 | D:2      | Killed a lemure
  2503 | D:2      | Killed a lemure
  2638 | D:4      | Reached XP level 6. HP: 31/61 MP: 5/5
  2962 | D:4      | Found a staircase to the Ecumenical Temple.
  2974 | D:4      | Found a basalt altar of Yredelemnul.
  3009 | D:4      | Reached skill level 5 in Maces & Flails
  3020 | D:4      | Noticed Grinder
  3028 | D:4      | Paralysed by Grinder for 3 turns
  3037 | D:4      | Paralysed by Grinder for 3 turns
  3042 | D:4      | Killed Grinder
  3043 | D:4      | Reached XP level 7. HP: 45/67 MP: 6/6
  3170 | D:4      | HP: 2/67 [Pikel/+1 whip of freezing (9)]
  3170 | D:4      | Slain by Pikel

Illustrated notes

Levels and vault maps discovered:
D:1:      sevenhm_arrival_forest_fort_large_4, layout_basic
D:2:      wad_pebble_path, layout_basic
D:3:      layout_loops_cross, slow_altar_2
D:4:      minmay_bubble_buster, layout_cave_pods,
          mainiacjoe_overflow_cross_hatched, mainiacjoe_overflow_alcove_1,
          minmay_temple_entry_statues_fountains, uniq_grinder, uniq_pikel

Skill      XL: |  1  2  3  4  5  6 |
---------------+-------------------+-----
Maces & Flails | 2 3 4 5 |  5.6
Fighting       | 3 |  3.3
Dodging        | 3 |  3.8
Stealth        | |  0.2
Shields        | |  2.9

Action                   |  1- 3 |  4- 6 |  7- 9 || total
-------------------------+-------+-------+-------++-------
Melee: Flail             |    99 |   214 |    15 ||   328
       Punch             |       |     4 |       ||     4
  Use: Scroll            |     5 |     4 |       ||     9
       Potion            |       |    10 |     3 ||    13
Armor: Robe              |    41 |    76 |     3 ||   120
       Skin              |       |    48 |       ||    48
Dodge: Dodged            |    44 |   126 |     9 ||   179
Block: Kite shield       |     8 |       |       ||     8
